 Dungeon Crawl Stone Soup version 0.24-a0-458-gfcb5e6da0e (webtiles) character file.

Game seed: 3300943669529426862

279 Krouwed the Chopper (level 6, -1/44 HPs)
             Began as a Demonspawn Gladiator on June 27, 2019.
             Slain by Peloso's ghost (7 damage)
             ... on level 3 of the Dungeon.
             The game lasted 00:06:56 (2288 turns).

Krouwed the Chopper (Demonspawn Gladiator)          Turns: 2288, Time: 00:06:57

Health: -1/44      AC:  8    Str: 18    XL:     6   Next: 5%
Magic:  6/6        EV: 16    Int: 14    God:
Gold:   145        SH:  0    Dex: 20    Spells: 5/5 levels left

rFire    . . .     SeeInvis .   g - +2 hand axe (freeze)
rCold    . . .     Gourm    .   (no shield)
rNeg     . . .     Faith    .   p - +0 scale mail
rPois    .         Spirit   .   c - +0 helmet
rElec    .         Reflect  .   (no cloak)
rCorr    .         Harm     .   (no gloves)
MR       .....     Rnd*Rage +   o - +0 pair of boots
Stlth    +.........             (no amulet)
HPRegen  0.14/turn              (no ring)
MPRegen  0.10/turn              (no ring)

@: brilliant, agile
A: claws 2, talons 2, berserk 1, frail 1, powered by pain 1, strong 1
a: no special abilities


You were on level 3 of the Dungeon.
You were hungry.

You visited 1 branch of the dungeon, and saw 3 of its levels.

You collected 145 gold pieces.

Inventory:

Hand Weapons
 a - a +0 war axe
 g - a +2 hand axe of freezing (weapon)
Missiles
 d - 2 throwing nets
 h - 33 poisoned darts (quivered)
Armour
 c - a +0 helmet (worn)
 o - a +0 pair of boots (worn)
 p - a +0 scale mail (worn)
Jewellery
 k - a +2 ring of strength {unknown}
Scrolls
 b - 2 scrolls of immolation {unknown}
 e - 3 scrolls of identify {unknown}
 j - a scroll of fear {unknown}
 l - 2 scrolls of remove curse {unknown}
 m - 4 scrolls of amnesia {unknown}
 s - a scroll of random uselessness {unknown}
Potions
 i - a potion of agility
Comestibles
 f - 9 rations
 r - 2 chunks of flesh


   Skills:
 + Level 4.7 Fighting
 + Level 4.7 Axes
 - Level 1.7 Throwing
 - Level 2.6 Dodging


You had 5 spell levels left.
You didn't know any spells.
Your spell library was empty.

Dungeon Overview and Level Annotations

Branches:
Dungeon (3/15)

Altars:
Gozag

Annotations:
D:3 Peloso's ghost, amateur MiFi


Innate Abilities, Weirdness & Mutations

You have very sharp fingernails.
You have razor-sharp toenails.
You sometimes gain a little power by taking damage.
You tend to lose your temper in combat.
You are frail. (-10% HP)
Your muscles are strong. (Str +2)


Message History

Peloso's ghost is heavily damaged.
Peloso's ghost hits you but does no damage.
You hit Peloso's ghost. You freeze Peloso's ghost.
Peloso's ghost is severely damaged.
Peloso's ghost barely misses you.
You hit Peloso's ghost. You freeze Peloso's ghost.
Peloso's ghost is severely damaged.
Peloso's ghost hits you.
* * * LOW HITPOINT WARNING * * *
The rat twitches its whiskers.
You hit Peloso's ghost but do no damage.
Peloso's ghost is severely damaged.
Peloso's ghost barely misses you.
You slash Peloso's ghost! You freeze Peloso's ghost.
Peloso's ghost is almost destroyed.
Peloso's ghost hits you but does no damage.
You hit Peloso's ghost but do no damage.
Peloso's ghost is almost destroyed.
Peloso's ghost hits you!
You die...

#####>..# #.# #..####.#
##.8.##..# #.# #.....#.#
#...$.#..# #.# #.###.#.#
#8..$$'..###.## #<# #.#
#∩.8_$†..o....# #.#
#8.$..'.#.###.#######.# #
#∩....#...# #r........###.# #.
##$8.##.#.###W#)..........#..#
#####.......@#############.#
#######.## #..# #.# # #. #.#
#. ##.# #######. #..# #..[....
#.## #.#####. #.# #.# #. #.#
#.##.# #.


You could see Peloso's ghost and a rat.

Vanquished Creatures
  An ogre (D:2)
  A centaur (D:2)
  A worker ant (D:2)
  2 adders
  A worm (D:2)
  A dart slug (D:1)
  5 leopard geckos
  2 orcs
  4 giant cockroaches
  10 goblins
  A hobgoblin (D:1)
  5 quokkas
  10 bats
  2 frilled lizards
  9 kobolds
  8 rats
63 creatures vanquished.

Notes
Turn   | Place    | Note
-------+----------+-------------------------------------------
     0 | D:1      | Krouwed the Demonspawn Gladiator began the quest for the
                  | Orb.
     0 | D:1      | Reached XP level 1. HP: 16/16 MP: 1/1
   290 | D:1      | Gained mutation: You have sharp fingernails. [demonic
                  | ancestry]
   290 | D:1      | Reached XP level 2. HP: 21/23 MP: 2/2
   748 | D:1      | Gained mutation: You have sharp toenails. [demonic
                  | ancestry]
   748 | D:1      | Reached XP level 3. HP: 28/28 MP: 3/3
  1185 | D:2      | Noticed an ogre
  1188 | D:2      | Noticed a centaur
  1193 | D:2      | Killed an ogre
  1193 | D:2      | Gained mutation: You have very sharp fingernails. [demonic
                  | ancestry]
  1193 | D:2      | Reached XP level 4. HP: 37/37 MP: 4/4
  1196 | D:2      | Killed a centaur
  1196 | D:2      | Gained mutation: You sometimes gain a little power by
                  | taking damage. [demonic ancestry]
  1196 | D:2      | Reached XP level 5. HP: 42/43 MP: 5/5
  1939 | D:3      | Gained mutation: You have razor-sharp toenails. [demonic
                  | ancestry]
  1939 | D:3      | Reached XP level 6. HP: 47/49 MP: 6/6
  2224 | D:3      | Found a runed translucent gate.
  2224 | D:3      | Found a runed translucent gate.
  2240 | D:3      | Found a runed translucent gate.
  2242 | D:3      | Found an opulent altar of Gozag.
  2244 | D:3      | Noticed Peloso's ghost (amateur MiFi)
  2279 | D:3      | Gained mutation: You tend to lose your temper in combat.
                  | [potion of mutation]
  2279 | D:3      | Gained mutation: You are frail. (-10% HP) [potion of
                  | mutation]
  2279 | D:3      | Gained mutation: Your muscles are strong. (Str +2) [potion
                  | of mutation]
  2288 | D:3      | Slain by Peloso's ghost

Levels and vault maps discovered:
D:1:      sevenhm_arrival_forest_fort_small_3, layout_basic
D:2:      layout_loops_cross, roderic_serpentine_path
D:3:      layout_loops_ring, ebering_ghost_gozag, minmay_misc_feat_doors

Skill      XL: |  1  2  3  4 |
---------------+-------------+-----
Axes           | 3 4 |  4.7
Fighting       | 3 4 |  4.7
Throwing       | |  1.7
Dodging        | |  2.6

Action                   |  1- 3 |  4- 6 || total
-------------------------+-------+-------++-------
Melee: War axe           |    76 |       ||    76
       Kick              |     8 |     4 ||    12
       Hand axe          |     6 |    85 ||    91
Throw: Throwing net      |     1 |       ||     1
       Dart              |       |     1 ||     1
  Use: Potion            |     1 |     3 ||     4
  Eat: Chunk             |     1 |     3 ||     4
Armor: Leather armour    |    34 |       ||    34
       Ring mail         |     4 |     4 ||     8
       Scale mail        |       |    24 ||    24
Dodge: Dodged            |    78 |    47 ||   125

Table legend:
 A = Non-vault XP
 B = Vault XP
 C = Vault XP percentage of total XP
 D = Non-vault monster count
 E = Vault monster count
 F = Vault count percentage of total count
                 A         B        C        D         E       F
            +---------+---------+-------+---------+---------+-------
      Total |     396 |       3 |   0.8 |      62 |       1 |   1.6
            +---------+---------+-------+---------+---------+-------
        D:1 |      45 |       0 |   0.0 |      29 |       0 |   0.0
        D:2 |     322 |       0 |   0.0 |      24 |       0 |   0.0
        D:3 |      29 |       3 |   9.4 |       9 |       1 |  10.0
            +---------+---------+-------+---------+---------+-------
